 Dungeon Crawl Stone Soup version 0.26-a0-30-g56b8cd3df0 (webtiles) character file.

Game seed: 16371120118863822478, levelgen mode: deterministic

10 vurker the Conjurer (level 2, -1/22 HPs)
             Began as a Draconian Conjurer on May 29, 2020.
             Slain by a frilled lizard (2 damage)
             ... on level 1 of the Dungeon.
             The game lasted 00:00:59 (251 turns).

vurker the Conjurer (Draconian Conjurer)             Turns: 251, Time: 00:01:00

Health: -1/22      AC:  4    Str: 10    XL:     2   Next: 10%
Magic:  0/5        EV: 12    Int: 15    God:
Gold:   14         SH:  0    Dex: 11    Spells: 4/5 levels left

rFire    . . .     SeeInvis .   c - +0 short sword
rCold    . . .     Gourm    .   (no shield)
rNeg     . . .     Faith    .   (armour unavailable)
rPois    .         Spirit   .   (helmet restricted)
rElec    .         Reflect  .   (no cloak)
rCorr    .         Harm     .   (no gloves)
MR       .....                  (no boots)
Stlth    ++........             (no amulet)
HPRegen  0.07/turn              (no ring)
MPRegen  0.09/turn              (no ring)

@: no status effects
A: unfitting armour, cold-blooded, AC +4
a: no special abilities


You were on level 1 of the Dungeon.
You were not hungry.

You visited 1 branch of the dungeon, and saw 2 of its levels.

You collected 14 gold pieces.

Inventory:

Hand Weapons
 c - a +0 short sword (weapon)
   (You took it off a kobold on level 1 of the Dungeon)
Comestibles
 b - 2 chunks of flesh
 e - a ration


   Skills:
 + Level 0.6 Fighting
 - Level 1.7 Dodging
 - Level 1.7 Stealth
 * Level 2.3 Spellcasting
 * Level 4.2 Conjurations


You had 4 spell levels left.
You knew the following spells:

 Your Spells              Type           Power        Failure   Level  Hunger
a - Magic Dart            Conj           ##..         3%          1    #......

Your spell library contained the following spells:

 Spells                   Type           Power        Failure   Level  Hunger
 Searing Ray              Conj           ##....       6%          2    ###....
 Dazzling Flash           Conj/Hex       #.....       26%         3    ###....
 Fulminant Prism          Conj/Hex       #.........   65%         4    #####..
 Iskenderun's Mystic Bla  Conj/Tloc      #.......     65%         4    #####..


Dungeon Overview and Level Annotations

Branches:
Dungeon (2/15)

Altars:
Xom


Innate Abilities, Weirdness & Mutations

Your plain brown scales are hard. (AC +4)
You cannot fit into any form of body armour.
You are cold-blooded and may be slowed by cold attacks.


Message History

You don't have enough magic to cast that spell.
You hit the frilled lizard.
You kill the frilled lizard!
You hit the kobold.
The kobold hits you with a +0 short sword.
* * * LOW HITPOINT WARNING * * *
Aim: a kobold, wielding a +0 short sword (moderately wounded)
The magic dart hits the kobold.
You kill the kobold!
You hit the goblin. The goblin hits you with a +0 dagger.
* * * LOW HITPOINT WARNING * * *
You miss the goblin. The goblin closely misses you.
You don't have enough magic to cast that spell.
You hit the goblin but do no damage. The goblin hits you but does no damage.
You barely miss the goblin. The goblin hits you but does no damage.
You closely miss the goblin. The goblin hits you but does no damage.
You hit the goblin.
You kill the goblin!
You have reached level 2!
You hit the frilled lizard but do no damage.
The frilled lizard bites you.
* * * LOW HITPOINT WARNING * * *
You don't have enough magic to cast that spell.
You miss the frilled lizard.
The frilled lizard completely misses you.
The frilled lizard bites you.
* * * LOW HITPOINT WARNING * * *
You completely miss the frilled lizard. The frilled lizard barely misses you.
You aren't carrying any potions.
You closely miss the frilled lizard.
Your tail-slap misses the frilled lizard.
The frilled lizard bites you but does no damage.
Okay, then.
Aim: a frilled lizard The magic dart hits the frilled lizard.
You kill the frilled lizard!
As you read the scroll labeled NAGUASTREWI, it crumbles to dust.
You feel blessed for a moment.
It was a scroll of remove curse.
The frilled lizard bites you but does no damage.
You hit the frilled lizard but do no damage.
You tail-slap the frilled lizard. The frilled lizard closely misses you.
You closely miss the frilled lizard.
The frilled lizard bites you but does no damage.
You miss the frilled lizard. The frilled lizard bites you.
* * * LOW HITPOINT WARNING * * *
You closely miss the frilled lizard. The frilled lizard closely misses you.
You hit the frilled lizard.
You kill the frilled lizard!
You closely miss the frilled lizard. The frilled lizard bites you.
You die...

##### . #...# ...
#%.?######.###.
#...w†l@...#$#.
######...######.###.
##......### ...
##.....l..# .
#.........)#
#....w.>...#
#..........#
#..........#
#..........#


You could see a worm and a frilled lizard.

Vanquished Creatures
  A dart slug (D:1)
  2 bats (D:1)
  A goblin (D:1)
  4 frilled lizards (D:1)
  2 kobolds (D:1)
10 creatures vanquished.

Notes
Turn   | Place    | Note
-------+----------+-------------------------------------------
     0 | D:1      | vurker the Draconian Conjurer began the quest for the Orb.
     0 | D:1      | Reached XP level 1. HP: 14/14 MP: 3/3
   190 | D:1      | You fall into a shaft and drop 1 floor!
   200 | D:2      | Found a shimmering altar of Xom.
   239 | D:1      | Reached XP level 2. HP: 5/22 MP: 0/5
   248 | D:1      | HP: 1/22 [frilled lizard (2)]
   251 | D:1      | Slain by a frilled lizard

Illustrated notes

Levels and vault maps discovered:
D:1:      saegor_arrival_simple_e, layout_rooms, item_on_display_a
D:2:      layout_rooms, overflow_temple_1_default, palyth_stone_intersect

Action                   || total
-------------------------++-------
Melee: Short sword       ||    18
       Unarmed           ||     1
       Tailslap          ||     1
 Cast: Magic Dart        ||    18
  Use: Scroll            ||     1
Armor: Skin              ||    12
Dodge: Dodged            ||    28

Table legend:
 A = Non-vault XP
 B = Vault XP
 C = Vault XP percentage of total XP
 D = Non-vault monster count
 E = Vault monster count
 F = Vault count percentage of total count
                 A         B        C        D         E       F
            +---------+---------+-------+---------+---------+-------
      Total |      15 |       0 |   0.0 |      10 |       0 |   0.0
            +---------+---------+-------+---------+---------+-------
        D:1 |      15 |       0 |   0.0 |      10 |       0 |   0.0
            +---------+---------+-------+---------+---------+-------
